 Dungeon Crawl Stone Soup version 0.29-a0-997-gf6f7e2dfe7 (webtiles) character file.

Game seed: 10634125619415096819

58781 Snarg the Spry (level 14, -1/70 HPs)
             Began as a Spriggan Conjurer on Aug 2, 2022.
             Was an Initiate of Gozag.
             Shot with an arrow by a centaur warrior (19 damage)
             ... in a volcano on Aug 5, 2022.
             The game lasted 03:41:41 (32941 turns).

Snarg the Spry (Spriggan Conjurer)                 Turns: 32941, Time: 03:41:41

Health: -1/70      AC:  6    Str:  9    XL:     14   Next: 50%
Magic:  23/28      EV: 35    Int: 29    God:    Gozag
Gold:   3298       SH:  0    Dex: 24    Spells: 10/31 levels left

rFire   . . .      SeeInvis +   a - +3 dagger (venom)
rCold   . . .      Faith    .   (no shield)
rNeg    . . .      Spirit   .   G - +2 robe {Will+}
rPois   .          Reflect  .   (helmet restricted)
rElec   .          Harm     .   o - +1 cloak of Optimism {Dex+2}
rCorr   .          Rampage  .   (gloves unavailable)
Will    +++..                   (boots unavailable)
Stlth   +++++.....              L - amulet of Eternity {RegenMP Str+4 Int+3}
HPRegen 0.21/turn               t - +6 ring of intelligence
MPRegen 0.61/turn               q - +6 ring of dexterity

@: studying Short Blades, very quick
A: very small, no large weapons, unfitting armour, see invisible, speed 3
a: Renounce Religion, Potion Petition, Call Merchant, Bribe Branch


You were in a volcano.
You worshipped Gozag.
Gozag was most pleased with you.
You visited 4 branches of the dungeon, and saw 19 of its levels.
You also visited: Sewer, Gauntlet and Volcano.

You collected 4744 gold pieces.
You spent 113 gold pieces at shops.
You paid 1333 gold pieces to Gozag.

Inventory:

Hand Weapons
 a - a +3 dagger of venom (weapon)
 b - the +6 mace of the Doomed God {vorpal, Str+4 Stlth+, !a}
   (You took it off a minotaur in a Gauntlet)

   It inflicts extra damage upon your enemies.
   Str:       It affects your strength (+4).
   Stlth:     It makes you more stealthy.
 F - a +1 dagger of electrocution
 R - a +3 short sword of flaming
 V - a +0 dagger of protection
Missiles
 m - 77 poisoned darts
 A - 4 curare-tipped darts
 W - 11 boomerangs
Armour
 o - the +1 cloak of Optimism (worn) {Dex+2}
   (You found it in a Gauntlet)

   Dex:       It affects your dexterity (+2).
 G - a +2 robe of willpower (worn)
 X - the +1 robe of the Depths {Str+7}
   (You found it on level 2 of the Lair of Beasts)

   Str:       It affects your strength (+7).
Magical Staves
 i - a staff of air
Jewellery
 h - a ring of willpower
 q - a +6 ring of dexterity (right hand)
 t - a +6 ring of intelligence (left hand)
 L - the amulet of Eternity (around neck) {RegenMP Str+4 Int+3}
   (You found it on level 7 of the Dungeon)

   [amulet of magic regeneration]

   It increases your rate of magic regeneration.
   Str:       It affects your strength (+4).
   Int:       It affects your intelligence (+3).
 T - a ring of wizardry
Wands
 r - a wand of quicksilver (9)
 E - a wand of polymorph (3)
 J - a wand of paralysis (25)
 K - a wand of digging (22)
 Q - a wand of iceblast (8)
 S - a wand of flame (12)
Scrolls
 c - 12 scrolls of identify
 d - a scroll of summoning
 e - 2 scrolls of vulnerability
 f - 3 scrolls of immolation
 x - a scroll of silence
 y - 3 scrolls of magic mapping
 C - 7 scrolls of teleportation
 D - 5 scrolls of poison
 H - 4 scrolls of blinking
Potions
 k - 3 potions of heal wounds
 n - 2 potions of haste
 p - 4 potions of lignification
 u - 3 potions of magic
 v - 2 potions of might
 z - 2 potions of resistance
 B - 3 potions of cancellation
 I - 3 potions of ambrosia
 M - 3 potions of berserk rage
 N - 3 potions of curing
Miscellaneous
 U - a lightning rod (1/4)


   Skills:
 * Level 6.7 Fighting
 + Level 13.4 Short Blades
 - Level 1.0 Throwing
 - Level 2.0 Armour
 + Level 16.4 Dodging
 + Level 11.4 Stealth
 - Level 9.0 Spellcasting
 - Level 6.0 Conjurations
 + Level 14.1 Hexes
 * Level 3.3 Summonings
 + Level 7.7 Translocations
 - Level 1.0 Ice Magic
 + Level 6.0 Evocations


You had 10 spell levels left.
You knew the following spells:

 Your Spells              Type           Power      Damage    Failure   Level
a - Magic Dart            Conj           100%       1d8       1%          1
b - Dazzling Flash        Conj/Hex       100%       N/A       1%          3
c - Searing Ray           Conj           94%        2d7       1%          2
d - Fulminant Prism       Conj/Hex       31%        3d16      1%          4
e - Iskenderun's Mystic   Conj/Tloc      52%        2d11      2%          4
f - Ensorcelled Hibernat  Hex/Ice        100%       N/A       1%          2
g - Summon Mana Viper     Hex/Summ       59%        N/A       3%          5

Your spell library contained the following spells:

 Spells                   Type           Power      Damage    Failure   Level
 Stone Arrow              Conj/Erth      60%        3d10      3%          3
 Passwall                 Tmut/Erth      10%        N/A       6%          2
 Swiftness                Air            13%        N/A       12%         3
 Summon Ice Beast         Ice/Summ       25%        N/A       17%         4
 Animate Armour           Summ/Erth      44%        N/A       21%         4
 Fireball                 Conj/Fire      15%        3d8       32%         5
 Freezing Cloud           Conj/Ice/Air   13%        6-21      41%         5
 Alistair's Intoxication  Tmut/Pois      8%         N/A       75%         5
 Borgnjor's Vile Clutch   Necr/Erth      6%         N/A       75%         5
 Starburst                Conj/Fire      15%        6d6       88%         6
 Eringya's Noxious Bog    Tmut/Pois      6%         N/A       99%         6
 Monstrous Menagerie      Summ           16%        N/A       100%        7
 Ignition                 Fire           6%         3d4       100%        8
 Lehudib's Crystal Spear  Conj/Erth      15%        10d5      100%        8
 Polar Vortex             Ice            9%         N/A       100%        9
 Simulacrum               Ice/Necr       Unusable   N/A       N/A         6

Dungeon Overview and Level Annotations

Branches:
Dungeon (12/15)            Temple (1/1) D:7            Lair (5/5) D:11
 Shoals (0/4) Lair:3        Snake (0/4) Lair:3        Slime (0/5) Lair:4
    Orc (1/2) D:12          Sewer (visited)         Volcano (1/1)
Gauntlet (visited)

Altars:
Ashenzari
Cheibriados
Dithmenos
Elyvilon
Fedhas
Gozag
Hepliaklqana
Kikubaaqudgha
Makhleb
Nemelex Xobeh
Okawaru
Qazlal
Ru
Sif Muna
Trog
Uskayaw
Vehumet
Wu Jian
Xom
Yredelemnul
Zin
The Shining One

Shops:
D:3 ([=*=   D:8 *

Annotations:
D:1 xlr
D:2 clr
D:3 clr
D:4 clr
D:5 clr
D:6 clr
D:7 clr
D:8 clr
D:10 clr
D:11 clr
D:12 clr
Lair:1 clr
Lair:2 clr
Lair:3 clr
Lair:4 exclusion: 3 oklob plants
Lair:5 clr


Innate Abilities, Weirdness & Mutations

You are very small and have problems with some larger weapons.
You are too small for most types of armour.
You have supernaturally acute eyesight. (SInv)
You cover ground extremely quickly. (Speed+++)


Message History

The centaur warrior shoots an arrow.
The arrow hits you!! The arrow burns you!
The searing ray hits the centaur warrior!
The centaur warrior is lightly wounded.
The centaur warrior shoots an arrow.
The arrow completely misses you.
The centaur warrior shoots an arrow.
The arrow completely misses you.
Unknown command.
Casting: Searing Ray (safe; 1% risk of failure)
Confirm with . or Enter, or press ? or * to list all spells.
Aiming: Ensorcelled Hibernation (safe; 1% risk of failure)
Press: ? - help, Shift-Dir - straight line, f - you, p - centaur warrior That would be overly suicidal.
Okay, then.
Unknown command.
Unknown command.
Aiming: Iceblast
Press: ? - help, Shift-Dir - straight line, f - centaur warrior
Aim: a centaur warrior, wielding a +1 shortbow of flaming (lightly wounded)
The mass of ice explodes!
The iceblast engulfs the centaur warrior!!
The centaur warrior is severely wounded.
The red draconian roars!
You hear a shout! x4
Something unseen opens the large door.
A yaktaur opens the large door.
A centaur opens the large door.
Casting: Ensorcelled Hibernation (safe; 1% risk of failure)
Confirm with . or Enter, or press ? or * to list all spells.
Aiming: Fulminant Prism (mildly dangerous; 1% risk of failure)
Press: ? - help, Dir - move target, p - centaur warrior You conjure a prism of explosive energy!
The yaktaur shouts!
A fulminant prism comes into view.
The centaur shoots an arrow.
The arrow completely misses you.
The centaur warrior shoots an arrow.
The arrow hits you!!
* * * LOW HITPOINT WARNING * * *
The arrow burns you.
* * * LOW HITPOINT WARNING * * *
The yaktaur shoots a bolt.
The bolt closely misses you.
A yaktaur comes into view.
It is wielding a +2 arbalest of flaming.
The centaur warrior shoots an arrow.
The arrow hits you!!
You die...
Your body crumbles into a pile of gold.

$ $ +.$.$.c
+.._..' #...d.#
####### +$[*$)+
≈ #..≈c.# .#§
...#8≈≈≈8#...#
#..'..≈@.'..#
#..'.....'..#
≈##c#8...8#c##≈
≈≈###.....###≈≈
≈≈≈≈≈.....≈§≈≈≈
#≈≈≈≈8...8≈≈≈≈§
###§≈.....≈§§≈≈
#≈≈.....§§§##
##§8...8≈≈≈#


You could see a red draconian, a centaur warrior (ally target), 2 yaktaurs, a
centaur and a friendly fulminant prism.

Vanquished Creatures
  Rupert (Lair:5)
  A minotaur (Gauntlet)
  4 hydras
  4 boulder beetles
  A two-headed ogre (D:10)
  9 death yaks
  Sonja (Lair:5)
  Amaemon (Lair:1)
  An orc knight (Orc:1)
  4 lindwurms
  The ghost of Yogidamonk the Cleaver, a novice MiBe of Trog (D:6)
  A necromancer (Lair:4)
  An orc sorcerer (D:12)
  4 cyclopes
  A worldbinder (Gauntlet)
  7 elephants
  2 ugly things
  2 merfolk sirens (Lair:3)
  Maurice (D:9)
  2 torpor snails
  Joseph (D:7)
  3 black mambas
  An orange demon (Lair:1)
  A gargoyle (D:12)
  16 cane toads
  6 rime drakes
  8 komodo dragons
  A troll (D:6)
  A merfolk (Lair:3)
  3 hornets (Gauntlet)
  A polar bear (Lair:2)
  Prince Ribbit (D:8)
  23 blink frogs
  4 dream sheep (Lair:5)
  3 shadows
  A wraith (D:11)
  A vampire (D:11)
  4 wyverns
  30 yaks
  5 basilisks
  2 steam dragons
  A warg (Orc:1)
  2 nagas (Lair:3)
  10 water moccasins
  5 acid dragons
  9 orc warriors
  A sky beast (D:8)
  2 black bears
  5 ogres
  6 wolves
  2 elephant zombies (Lair:4)
  3 boggarts (Gauntlet)
  4 phantoms
  4 centaurs
  10 kobold brigands
  2 komodo dragon zombies (Lair:4)
  8 bullfrogs
  2 necrophages
  3 scorpions
  3 wights (D:8)
  4 killer bees
  14 electric eels
  A howler monkey (D:9)
  9 orc priests
  Crazy Yiuf (D:3)
  A basilisk zombie (Lair:4)
  9 hounds
  2 jellies (D:4)
  17 orc wizards
  5 iguanas
  Robin (D:2)
  8 adders
  8 gnolls
  3 river rats (Sewer)
  2 shadow imps
  A white imp (D:7)
  2 ufetubi
  8 worms
  2 dart slugs
  42 orcs
  11 ball pythons
  6 endoplasms
  8 giant cockroaches
  18 goblins
  21 hobgoblins
  6 quokkas
  8 bats
  5 frilled lizards
  44 kobolds
  14 rats
  A spectral goblin (D:7)
  A fulminant prism (Orc:1)
530 creatures vanquished.

Vanquished Creatures (collateral kills)
  Jorgrun (D:12)
  A troll (D:10)
  2 dream sheep (Lair:5)
  A warg (Orc:1)
  An ogre (Orc:1)
  4 wolves (Lair:5)
  An electric eel (D:10)
  2 orc wizards (Orc:1)
  2 orcs (Orc:1)
15 creatures vanquished.

Vanquished Creatures (others)
  An orc sorcerer (Orc:1)
  A vampire (D:12)
  A shadow imp (D:8)
  91 fulminant prisms
  28 fungi
  88 plants
  A withered plant (D:5)
211 creatures vanquished.

Grand Total: 756 creatures vanquished

Notes
Turn   | Place    | Note
-------+----------+-------------------------------------------
     0 | D:1      | Snarg the Spriggan Conjurer began the quest for the Orb.
     0 | D:1      | Reached XP level 1. HP: 9/9 MP: 5/5
   396 | D:1      | Reached XP level 2. HP: 14/14 MP: 3/6
  1058 | D:1      | Reached skill level 1 in Fighting
  1058 | D:1      | Reached skill level 3 in Dodging
  1058 | D:1      | Reached XP level 3. HP: 18/18 MP: 0/8
  1453 | D:1      | Learned a level 3 spell: Dazzling Flash
  1938 | D:2      | Noticed Robin
  2111 | D:2      | Reached XP level 4. HP: 22/22 MP: 4/9
  2917 | D:2      | Reached skill level 1 in Short Blades
  3021 | D:2      | Killed Robin
  3022 | D:2      | Reached skill level 1 in Hexes
  3728 | D:3      | Found Tedgho's Armour Shoppe.
  3744 | D:3      | Reached XP level 5. HP: 25/25 MP: 10/10
  3798 | D:3      | Found Buchy's Jewellery Shoppe.
  3804 | D:3      | Found a sparkling altar of Nemelex Xobeh.
  3897 | D:3      | Found a stormy altar of Qazlal.
  3952 | D:3      | Identified the +9 flail of Vino {vorpal, rN+ Int+2}
  3959 | D:3      | Found a runed translucent door.
  3960 | D:3      | Noticed Crazy Yiuf
  4095 | D:3      | Found a shimmering blue altar of Sif Muna.
  4104 | D:3      | Found Duxi's Jewellery Shoppe.
  4118 | D:3      | Found Nirumus's Weapon Boutique.
  4120 | D:3      | Found Foaso's Assorted Antiques.
  4138 | D:3      | Bought a scroll labelled SOXKICA MORAPU for 34 gold pieces
  4873 | D:4      | Learned a level 2 spell: Searing Ray
  4878 | D:4      | Learned a level 4 spell: Fulminant Prism
  4909 | D:4      | Reached skill level 4 in Dodging
  4917 | D:4      | Reached XP level 6. HP: 14/30 MP: 8/11
  5901 | D:5      | Entered Level 5 of the Dungeon
  5932 | D:4      | Reached XP level 7. HP: 33/33 MP: 7/12
  5945 | D:5      | Reached skill level 5 in Dodging
  6354 | D:5      | Found a glowing drain.
  6376 | Sewer    | Entered a sewer
  6517 | Sewer    | Reached skill level 1 in Throwing
  6517 | Sewer    | Reached skill level 6 in Dodging
  6517 | Sewer    | Reached skill level 5 in Hexes
  6748 | Sewer    | Reached skill level 7 in Dodging
  7145 | D:5      | Reached XP level 8. HP: 35/37 MP: 10/13
  7470 | D:5      | Reached skill level 8 in Dodging
  7509 | D:5      | Found an opulent altar of Gozag.
  7528 | D:5      | Became a worshipper of Gozag Ym Sagoz the Greedy
  7592 | D:5      | Found a glowing golden altar of the Shining One.
  8144 | D:5      | Found a basalt altar of Yredelemnul.
  8854 | D:3      | Killed Crazy Yiuf
  9060 | D:6      | Reached skill level 9 in Dodging
  9068 | D:6      | Learned a level 4 spell: Iskenderun's Mystic Blast
  9108 | D:6      | Found a runed translucent door.
  9111 | D:6      | Noticed Yogidamonk's ghost (novice MiBe)
  9148 | D:6      | Noticed a troll
  9200 | D:6      | Killed a troll
  9201 | D:6      | Reached skill level 5 in Short Blades
  9201 | D:6      | Reached skill level 5 in Stealth
  9201 | D:6      | Reached XP level 9. HP: 35/42 MP: 13/16
  9746 | D:6      | HP: 2/42 [electric eel/bolt of electricity (4)]
 10133 | D:6      | Found a runed translucent door.
 10981 | D:7      | Noticed Joseph
 11243 | D:7      | Upgraded the game from 0.29-a0-982-gaed3a0c8d8 to
                  | 0.29-a0-993-g4a18f31a58
 11271 | D:7      | Reached skill level 1 in Translocations
 11419 | D:7      | Found a staircase to the Ecumenical Temple.
 11425 | Temple   | Entered the Ecumenical Temple
 11598 | D:7      | Found a snail-covered altar of Cheibriados.
 11639 | D:7      | Reached skill level 10 in Dodging
 12179 | D:7      | Identified the amulet of Eternity {RegenMP Str+4 Int+3}
 12345 | D:7      | Found an ancient bone altar of Kikubaaqudgha.
 12593 | D:7      | Found a glowing silver altar of Zin.
 12858 | D:7      | Found a hazy altar of Hepliaklqana.
 13188 | D:8      | Reached XP level 10. HP: 47/47 MP: 17/17
 13194 | D:8      | Found Fypa's Demolitions Depot.
 13236 | D:8      | Bought a wand of iceblast (3) for 79 gold pieces
 13807 | D:8      | Noticed Prince Ribbit
 13820 | D:8      | Killed Prince Ribbit
 14057 | D:8      | Identified the +2 scale mail "Tialujad" {Will+}
 14231 | D:9      | Found a hide-covered altar of Uskayaw.
 14507 | D:9      | Reached skill level 11 in Dodging
 14876 | D:9      | Reached skill level 1 in Evocations
 14903 | D:9      | Noticed Maurice
 15202 | D:9      | HP: 1/49 [acid dragon/splash of acid (30)]
 15636 | D:6      | Killed Yogidamonk's ghost
 15867 | D:7      | Killed Joseph
 16084 | D:10     | Entered Level 10 of the Dungeon
 16409 | D:10     | Noticed a two-headed ogre
 16437 | D:10     | Killed a two-headed ogre
 16438 | D:10     | Reached skill level 5 in Conjurations
 16438 | D:10     | Reached skill level 10 in Hexes
 16438 | D:10     | Reached skill level 5 in Translocations
 16946 | D:10     | Reached skill level 5 in Spellcasting
 17232 | D:10     | Reached XP level 11. HP: 52/52 MP: 19/19
 18503 | D:11     | Noticed a boulder beetle
 18793 | D:9      | Killed Maurice
 18870 | D:10     | Killed a boulder beetle
 18987 | D:11     | Noticed a six-headed hydra
 19023 | D:11     | Killed a six-headed hydra
 19317 | D:11     | Noticed a boulder beetle
 19341 | D:11     | Killed a boulder beetle
 19708 | D:11     | Found a staircase to the Lair.
 19715 | D:11     | Noticed a green ugly thing
 19742 | D:11     | Killed a green ugly thing
 19743 | D:11     | Reached skill level 12 in Dodging
 19773 | D:11     | Upgraded the game from 0.29-a0-993-g4a18f31a58 to
                  | 0.29-a0-994-gc5c9f59d18
 19978 | D:11     | Reached skill level 10 in Short Blades
 20172 | Lair:1   | Entered Level 1 of the Lair of Beasts
 20247 | Lair:1   | Found an ornate altar of the Wu Jian Council.
 20247 | Lair:1   | Noticed a boulder beetle
 20261 | Lair:1   | Found a hide-covered altar of Uskayaw.
 20276 | Lair:1   | Found a gate leading to a gauntlet.
 20283 | Gauntlet | Entered a Gauntlet
 20283 | Gauntlet | Found a transporter.
 20283 | Gauntlet | Found a transporter.
 20287 | Gauntlet | Found a transporter.
 20287 | Gauntlet | Found a transporter.
 20290 | Gauntlet | Noticed a deep elf zephyrmancer
 20290 | Gauntlet | Noticed a deep elf pyromancer
 20290 | Gauntlet | Noticed a deep elf pyromancer
 20292 | Gauntlet | Found a transporter.
 20292 | Gauntlet | Found a transporter.
 20303 | Gauntlet | Noticed a deep elf pyromancer
 20308 | Gauntlet | Noticed a deep elf knight
 20308 | Gauntlet | Noticed a deep elf knight
 20308 | Gauntlet | Noticed a deep elf zephyrmancer
 20433 | Gauntlet | Noticed a catoblepas
 20444 | Gauntlet | Found a transporter.
 20444 | Gauntlet | Found a transporter.
 20504 | Gauntlet | Noticed a glowing orange brain
 20505 | Gauntlet | Found a transporter.
 20505 | Gauntlet | Found a transporter.
 20559 | Gauntlet | Noticed a white ugly thing
 20565 | Gauntlet | Found a transporter.
 20567 | Gauntlet | Noticed an obsidian statue
 20569 | Gauntlet | Identified the +1 cloak of Optimism {Dex+2}
 20572 | Gauntlet | Found a transporter.
 20594 | Gauntlet | Identified the +6 mace of the Doomed God {vorpal, Str+4
                  | Stlth+}
 20594 | Gauntlet | Noticed a minotaur
 20632 | Gauntlet | Killed a minotaur
 20822 | Lair:1   | Learned a level 2 spell: Ensorcelled Hibernation
 20995 | Lair:1   | Noticed Amaemon
 21222 | Lair:1   | Reached skill level 1 in Ice Magic
 21222 | Lair:1   | Reached XP level 12. HP: 32/59 MP: 18/23
 21504 | Lair:1   | Reached skill level 5 in Fighting
 21788 | Lair:1   | Killed a boulder beetle
 22413 | Lair:2   | Reached skill level 10 in Stealth
 22737 | Lair:2   | Reached skill level 13 in Dodging
 23448 | Lair:2   | Identified the +1 robe of the Depths {Str+7}
 23785 | Lair:2   | Reached skill level 1 in Armour
 24246 | Lair:3   | Noticed a five-headed hydra
 24394 | Lair:3   | Found a staircase to the Shoals.
 24563 | Lair:3   | Found a staircase to the Snake Pit.
 25802 | D:12     | Noticed Jorgrun
 25823 | D:12     | Killed Jorgrun
 25824 | D:12     | Reached skill level 14 in Dodging
 25824 | D:12     | Reached XP level 13. HP: 34/63 MP: 24/26
 26485 | D:12     | Found a staircase to the Orcish Mines.
 27985 | Lair:4   | You fall into a shaft and drop 1 floor!
 27985 | Lair:5   | Entered Level 5 of the Lair of Beasts
 28100 | Lair:4   | Found a staircase to the Slime Pits.
 28455 | Lair:5   | Reached skill level 15 in Dodging
 28455 | Lair:5   | Reached skill level 5 in Evocations
 28688 | Lair:5   | Learned a level 5 spell: Summon Mana Viper
 28957 | Lair:5   | Reached skill level 1 in Summonings
 29416 | Lair:5   | Identified the +9 war axe "Tankesse" {distort, rF- rN+
                  | Str+4 Int+3}
 29426 | Lair:5   | Noticed Sonja
 29433 | Lair:5   | Killed Sonja
 29917 | Lair:5   | Reached skill level 16 in Dodging
 30010 | Lair:5   | Reached XP level 14. HP: 52/70 MP: 19/27
 30489 | Lair:5   | Noticed Rupert
 30760 | Lair:5   | Killed Rupert
 32001 | Lair:1   | Upgraded the game from 0.29-a0-994-gc5c9f59d18 to
                  | 0.29-a0-997-gf6f7e2dfe7
 32329 | Lair:1   | Killed Amaemon
 32548 | Orc:1    | Entered Level 1 of the Orcish Mines
 32904 | Orc:1    | Found a dark tunnel.
 32913 | Volcano  | Entered a volcano
 32935 | Volcano  | Found a burning altar of Makhleb.
 32941 | Volcano  | Shot with an arrow by a centaur warrior

Illustrated notes

Levels and vault maps discovered:
D:1:      dpeg_arrival_prison, layout_loops_corners, minmay_crystal_room,
          minmay_misc_feat_nine_boxes
D:2:      layout_loops_corners, uniq_robin
D:3:      layout_basic, mainiacjoe_overflow_concentric_impassable,
          grunt_temple_overflow_open, serial_shops, nicolae_square_shop,
          nicolae_shop_window_shopping, shop, shop, shop,
          uniq_crazy_yiuf_cottage
D:4:      cheibrodos_pilgrimage, layout_basic, kennysheep_small_square
D:5:      corexii_shantytown, layout_loops_ring, yredelemnul_altar_generic,
          mainiacjoe_overflow_small_starburst, grunt_gozag_statues,
          portal_sewer_entry_f
D:6:      layout_basic, serial_bayou, serial_bayou_pond_e, serial_bayou_lake_a,
          serial_bayou_shore_b, ebering_ghost_sewer_f
D:7:      layout_loops_cross, nicolae_hepliaklqana_monster_ancestors,
          marbit_many_paths, jmf_multi_god_temple,
          minmay_temple_entry_gardened_gates, uniq_joseph
D:8:      layout_loops_ring, nicolae_blasting_shop, kennysheep_generic_room_11,
          uniq_prince_ribbit1
D:9:      layout_loops_corners, mainiacjoe_overflow_paths, uniq_maurice
D:10:     layout_cave_pods, serial_bayou, serial_bayou_ford_a,
          serial_bayou_pond_e, serial_bayou_lagoon_b, serial_bayou_pond_a
D:11:     layout_roguey, david_lair_shrubbed
D:12:     layout_cave_pools, orc_0_dummy, uniq_jorgrun
Temple:   nicolae_temple_bog_church
Lair:1:   layout_gridlike, gauntlet_entry_generic,
          nzn_masters_of_martial_movement, lemuel_fruit_tree, uniq_amaemon
Lair:2:   layout_loops_ring
Lair:3:   layout_misc_corridors, elwin_shoals_entry_rooms,
          guppyfry_snake_entry_garden, grunt_megastairs_4
Lair:4:   pond_and_an_island_with_a_cottage, layout_misc_corridors,
          minmay_slime_entry_oklob_open
Lair:5:   hangedman_lair_in_review, layout_hall_layers, grunt_megastairs_5,
          uniq_rupert, uniq_sonja
Orc:1:    layout_caves, nicolae_volcano_entry_lava_flow
Volcano:  kennysheep_volcano_temple

Skill      XL: |  1  2  3  4  5  6  7  8  9 10 11 12 13 14 |
---------------+-------------------------------------------+-----
Conjurations   | 3 4 5 6 |  6.0
Fighting       | 1 2 3 4 5 6 |  6.7
Dodging        | 3 4 7 9 10 11 12 14 16 | 16.4
Stealth        | 4 5 7 8 10 11 | 11.4
Short Blades   | 1 2 3 5 7 9 10 11 13 | 13.4
Spellcasting   | 3 4 5 7 8 9 |  9.0
Hexes          | 1 2 3 5 6 8 10 11 13 14 | 14.1
Throwing       | 1 |  1.0
Translocations | 4 5 7 |  7.7
Evocations     | 2 3 5 6 |  6.0
Ice Magic      | 1 |  1.0
Armour         | 2 |  2.0
Summonings     | 3 |  3.3

Action                   |  1- 3 |  4- 6 |  7- 9 | 10-12 | 13-15 || total
-------------------------+-------+-------+-------+-------+-------++-------
Melee: Unarmed           |    10 |       |       |       |       ||    10
       Dagger            |    49 |    65 |   156 |   390 |   369 ||  1029
       Punch             |       |     1 |     4 |     9 |     6 ||    20
Throw: Stone             |     2 |       |       |       |       ||     2
       Dart              |       |     2 |     8 |    43 |    32 ||    85
 Cast: Magic Dart        |    81 |   115 |   230 |   139 |    98 ||   663
       Searing Ray       |       |     3 |    44 |    65 |    41 ||   153
       Dazzling Flash    |       |     1 |    12 |    46 |    39 ||    98
       Fulminant Prism   |       |       |    17 |    28 |    48 ||    93
       Iskenderun's Myst |       |       |       |    21 |     8 ||    29
       Ensorcelled Hiber |       |       |       |     2 |    48 ||    50
       Summon Mana Viper |       |       |       |       |     9 ||     9
Invok: Potion Petition   |       |       |     1 |     2 |       ||     3
Evoke: Wand              |       |       |     4 |     9 |    11 ||    24
       Lightning rod     |       |       |       |     5 |     4 ||     9
  Use: Scroll            |       |     5 |     8 |    15 |     4 ||    32
       Potion            |       |     1 |     1 |     5 |     2 ||     9
 Stab: Sleeping          |     7 |     5 |     8 |    13 |    35 ||    68
       Invisible         |       |       |     6 |    30 |    30 ||    66
       Distracted        |       |       |     1 |     2 |     3 ||     6
       Paralysed         |       |       |     1 |     2 |     1 ||     4
Armor: Robe              |     7 |     2 |     2 |     8 |     7 ||    26
Dodge: Dodged            |    46 |    59 |   162 |   317 |   292 ||   876

Table legend: (Time is in decaauts)
 A = Elapsed time spent in this place.
 B = Non-inter-level travel time spent in this place.
 C = Inter-level travel time spent in this place.
 D = Time resting spent in this place.
 E = Time spent auto-exploring this place.
 F = Levels seen in this place.
 G = Mean time per level.
                   A        B        C        D        E       F      G
               +--------+--------+--------+--------+--------+-----+--------+
         Total |  25328 |  23007 |   2321 |   6764 |  10597 |  22 | 1151.3 |
       Dungeon |  16057 |  14653 |   1404 |   4525 |   7087 |  12 | 1338.1 |
        Temple |     97 |     92 |      5 |      0 |     84 |   1 |   97.0 |
          Lair |   7876 |   6981 |    895 |   2204 |   2831 |   5 | 1575.2 |
  Orcish Mines |    248 |    232 |     16 |     34 |      0 |   1 |  248.0 |
         Sewer |    701 |    701 |      0 |      0 |    415 |   1 |  701.0 |
       Volcano |     18 |     18 |      0 |      0 |      0 |   1 |   18.0 |
      Gauntlet |    328 |    328 |      0 |      0 |    178 |   1 |  328.0 |
               +--------+--------+--------+--------+--------+-----+--------+

Top non-repeatable levels by time:
  Lair:5: 2503 daAuts
  Lair:1: 2257 daAuts
     D:6: 2089 daAuts
    D:10: 1791 daAuts
     D:4: 1604 daAuts
     D:9: 1470 daAuts
     D:1: 1431 daAuts
     D:7: 1425 daAuts
     D:2: 1408 daAuts
  Lair:3: 1324 daAuts
     D:5: 1269 daAuts
    D:12: 1139 daAuts
    D:11: 1024 daAuts
  Lair:4: 968 daAuts
  Lair:2: 823 daAuts
